APP
WASHINGTON (APP) NATIONALS @ SAN DIEGO (APP) PADRES
10/19/2047
 
TOP OF THE 1ST
Philadelphia (APP) Phillies batting - Pitching for Ogden Raptors : LHP Miguel Lopez
Pitching: LHP Miguel Lopez
Batting: LHB Charlie Cook 0-0: Foul Ball, location: 2F
0-1: Ball
1-1: Ground out 5-3 (Groundball, 56S, EV 86.9 MPH)
Batting: RHB Kiyoshi Okazaki 0-0: Ball
1-0: SINGLE (Groundball, 4MD, EV 102.5 MPH)
Batting: LHB Joel Urquiza 0-0: Called Strike
0-1: Swinging Strike
Passed Ball!
Kiyoshi Okazaki to second
0-2: Ball
1-2: Ball
2-2: Ball
3-2: Ground out 1-3 (Groundball, 34S, EV 83.8 MPH)
Kiyoshi Okazaki to third
Batting: RHB John Gray 0-0: Ball
Wild Pitch!
Kiyoshi Okazaki scores
1-0: Ball
2-0: Ball
3-0: Called Strike
3-1: Swinging Strike
3-2: Foul Ball, location: 2F
3-2: Foul Ball, location: 2F
3-2: Foul Ball, location: 2F
3-2: Foul Ball, location: 2F
3-2: SINGLE (Line Drive, 56D, EV 104.4 MPH)
Batting: RHB David Rivera 0-0: Ball
1-0: Called Strike
1-1: Ball
2-1: Swinging Strike
2-2: Ball
Balk!
John Gray to second
3-2: Foul Ball, location: 2F
3-2: Foul Ball, location: 2F
3-2: Ground out 4-3 (Groundball, 4, EV 82.5 MPH)
Top of the 1st over - 1 run, 2 hits, 0 errors, 1 left on base; Philadelphia (APP) 1 - Ogden 0
BOTTOM OF THE 1ST
Ogden Raptors batting - Pitching for Philadelphia (APP) Phillies : LHP Jesus Barajas
Pitching: LHP Jesus Barajas
Batting: LHB Jimmy Sheppard 0-0: Called Strike
0-1: Ball
1-1: Foul Ball, location: 2F
1-2: Ball
2-2: Ball
3-2: Strikes out swinging
Batting: RHB Isaiah Yarbrough 0-0: Bunted foul
0-1: Foul Ball, location: 2F
0-2: Ball
1-2: Foul Ball, location: 2F
1-2: Fly out, F7 (Flyball, 7LS, EV 78.1 MPH)
Batting: SHB Ricardo Contrares 0-0: Ball
1-0: SINGLE (Groundball, 25, EV 63.1 MPH) (infield hit)
Batting: RHB Bobby Mendieta 0-0: Ball
Ricardo Contrares steals 2nd base
1-0: Called Strike
1-1: Ball
2-1: Ball
3-1: Called Strike
3-2: Ground out U3 (Groundball, 34S, EV 81.9 MPH)
Bottom of the 1st over - 0 runs, 1 hit, 0 errors, 1 left on base; Philadelphia (APP) 1 - Ogden 0
TOP OF THE 2ND
Philadelphia (APP) Phillies batting - Pitching for Ogden Raptors : LHP Miguel Lopez
Batting: RHB Harvey Harvey 0-0: Ball
1-0: Called Strike
1-1: Foul Ball, location: 2F
1-2: Ball
2-2: Foul Ball, location: 2F
2-2: Foul Ball, location: 2F
2-2: Strikes out swinging
Batting: RHB Rafael Pena 0-0: Fly out, F8 (Flyball, 8RD, EV 88.8 MPH)
Pitching: RHP Ryan Solon
Batting: RHB Jose Andrade 0-0: Ball
1-0: Ball
2-0: Called Strike
2-1: Swinging Strike
2-2: Ball
3-2: Foul Ball, location: 2F
3-2: Ground out 5-3 (Groundball, 56S, EV 61.9 MPH)
Top of the 2nd over - 0 runs, 0 hits, 0 errors, 0 left on base; Philadelphia (APP) 1 - Ogden 0
BOTTOM OF THE 2ND
Ogden Raptors batting - Pitching for Philadelphia (APP) Phillies : LHP Jesus Barajas
Batting: RHB Stephano Pianta 0-0: Swinging Strike
0-1: Called Strike
0-2: Strikes out swinging
Batting: RHB Greg Snow 0-0: Ball
1-0: Ball
2-0: Foul Ball, location: 2F
2-1: Ball
3-1: Swinging Strike
3-2: Fly out, F8 (Line Drive, 8RD, EV 84.4 MPH)
Batting: LHB William Cano 0-0: Swinging Strike
0-1: Ground out 4-3 (Groundball, 4, EV 103.8 MPH)
Bottom of the 2nd over - 0 runs, 0 hits, 0 errors, 0 left on base; Philadelphia (APP) 1 - Ogden 0
TOP OF THE 3RD
Philadelphia (APP) Phillies batting - Pitching for Ogden Raptors : RHP Ryan Solon
Batting: LHB Jesus Barajas 0-0: Ball
1-0: Foul Ball, location: 2F
1-1: Foul Ball, location: 2F
1-2: Foul Ball, location: 2F
1-2: Foul Ball, location: 2F
1-2: Foul Ball, location: 2F
1-2: Foul Ball, location: 2F
1-2: Strikes out swinging
Batting: LHB Charlie Cook 0-0: Ball
1-0: Ball
2-0: Foul Ball, location: 2F
2-1: Ball
3-1: Foul Ball, location: 2F
3-2: Foul Ball, location: 2F
3-2: Ground out U3 (Groundball, 34, EV 110.0 MPH)
Batting: RHB Kiyoshi Okazaki 0-0: Foul Ball, location: 2F
0-1: Ball
1-1: SINGLE (Groundball, 6D, EV 100.6 MPH)
Batting: LHB Joel Urquiza 0-0: Called Strike
0-1: Ball
Wild Pitch!
Kiyoshi Okazaki to second
1-1: Foul Ball, location: 2F
1-2: Ball
2-2: Ground out 4-3 (Groundball, 4, EV 85.0 MPH)
Top of the 3rd over - 0 runs, 1 hit, 0 errors, 1 left on base; Philadelphia (APP) 1 - Ogden 0
BOTTOM OF THE 3RD
Ogden Raptors batting - Pitching for Philadelphia (APP) Phillies : LHP Jesus Barajas
Batting: RHB Mario Diaz 0-0: Called Strike
0-1: Ball
1-1: Swinging Strike
1-2: Strikes out swinging
Batting: SHB Ryan Solon 0-0: Ball
1-0: Ball
2-0: Ground out 6-3 (Groundball, 6, EV 103.8 MPH)
Batting: LHB Jimmy Sheppard 0-0: Ball
1-0: Called Strike
1-1: Called Strike
1-2: Strikes out swinging
Bottom of the 3rd over - 0 runs, 0 hits, 0 errors, 0 left on base; Philadelphia (APP) 1 - Ogden 0
TOP OF THE 4TH
Philadelphia (APP) Phillies batting - Pitching for Ogden Raptors : RHP Ryan Solon
Batting: RHB John Gray 0-0: Called Strike
0-1: Called Strike
0-2: Ball
1-2: Ball
2-2: Foul Ball, location: 2F
2-2: Ball
3-2: Fly out, F4 (Popup, 4MD, EV 48.8 MPH)
Batting: RHB David Rivera 0-0: Ball
1-0: Foul Ball, location: 2F
1-1: Called Strike
1-2: Strikes out swinging
Batting: RHB Harvey Harvey 0-0: Called Strike
0-1: Ground out 4-3 (Groundball, 4S, EV 86.9 MPH)
Top of the 4th over - 0 runs, 0 hits, 0 errors, 0 left on base; Philadelphia (APP) 1 - Ogden 0
BOTTOM OF THE 4TH
Ogden Raptors batting - Pitching for Philadelphia (APP) Phillies : LHP Jesus Barajas
Batting: RHB Isaiah Yarbrough 0-0: Ball
1-0: Called Strike
1-1: TRIPLE (Groundball, 5L, EV 106.3 MPH)
Batting: SHB Ricardo Contrares 0-0: Ball
1-0: Ball
Wild Pitch!
Isaiah Yarbrough scores
2-0: Ball
3-0: Base on Balls
Batting: RHB Bobby Mendieta 0-0: Called Strike
0-1: Swinging Strike
0-2: Ball
1-2: SINGLE (Line Drive, 3D, EV 95.0 MPH)
Ricardo Contrares to second
Runner from 2nd tries for 3rd, SAFE, throw by RF made to third
Batting: RHB Stephano Pianta 0-0: Ball
1-0: DOUBLE (Line Drive, 78XD, EV 100.6 MPH)
Ricardo Contrares scores
Bobby Mendieta to third
Batting: RHB Greg Snow 0-0: Called Strike
0-1: Foul Ball, location: 2F
0-2: Strikes out looking
Batting: LHB William Cano 0-0: Fly out, F3 (Line Drive, 3, EV 68.8 MPH)
Batting: RHB Mario Diaz 0-0: Called Strike
0-1: Ball
1-1: Ball
2-1: Fly out, F6 (Popup, 56, EV 69.4 MPH)
Bottom of the 4th over - 2 runs, 3 hits, 0 errors, 2 left on base; Philadelphia (APP) 1 - Ogden 2
TOP OF THE 5TH
Philadelphia (APP) Phillies batting - Pitching for Ogden Raptors : RHP Ryan Solon
Batting: RHB Rafael Pena 0-0: Foul Ball, location: 2F
0-1: Foul Ball, location: 2F
0-2: Ball
1-2: Ball
2-2: Ball
3-2: Base on Balls
Pitching: LHP Justin Harris
Batting: RHB Jose Andrade 0-0: Foul Ball, location: 2F
0-1: Ball
1-1: Ball
2-1: Ball
Passed Ball!
Rafael Pena to second
3-1: Base on Balls
Batting: LHB Jesus Barajas 0-0: Sac Bunt to 13 - play at first, batter OUT! 1-4
Rafael Pena to third
Jose Andrade to second
Batting: LHB Charlie Cook 0-0: Ball
1-0: Foul Ball, location: 2F
1-1: Called Strike
1-2: Strikes out swinging
Batting: RHB Kiyoshi Okazaki 0-0: Called Strike
0-1: Ground out 6-3 (Groundball, 6, EV 78.1 MPH)
Top of the 5th over - 0 runs, 0 hits, 0 errors, 2 left on base; Philadelphia (APP) 1 - Ogden 2
BOTTOM OF THE 5TH
Ogden Raptors batting - Pitching for Philadelphia (APP) Phillies : LHP Jesus Barajas
Batting: LHB Justin Harris 0-0: Foul Ball, location: 2F
0-1: SINGLE (Groundball, 34D, EV 102.5 MPH)
Batting: LHB Jimmy Sheppard 0-0: Fielders Choice at 2nd, 4-6 (Groundball, 4, EV 88.8 MPH)
Batting: RHB Isaiah Yarbrough 0-0: Ball
1-0: Ball
2-0: Called Strike
2-1: Fielders Choice at 2nd, 6-4 (Groundball, 56, EV 110.6 MPH)
Batting: SHB Ricardo Contrares 0-0: Ground out 4-3 (Groundball, 34, EV 83.1 MPH)
Bottom of the 5th over - 0 runs, 1 hit, 0 errors, 1 left on base; Philadelphia (APP) 1 - Ogden 2
TOP OF THE 6TH
Philadelphia (APP) Phillies batting - Pitching for Ogden Raptors : LHP Justin Harris
Batting: LHB Joel Urquiza 0-0: Called Strike
0-1: Foul Ball, location: 2F
0-2: Ball
1-2: Ball
2-2: Strikes out swinging
Batting: RHB John Gray 0-0: Ball
1-0: SINGLE (Groundball, 4MD, EV 105.0 MPH)
Batting: RHB David Rivera 0-0: Called Strike
John Gray steals 2nd base
0-1: Ball
1-1: Ball
Passed Ball!
John Gray to third
2-1: Foul Ball, location: 2F
2-2: Strikes out swinging
Batting: RHB Harvey Harvey 0-0: Ball
1-0: Ball
Passed Ball!
John Gray scores
2-0: Ball
3-0: Base on Balls
Batting: RHB Rafael Pena 0-0: Ball
1-0: Ball
2-0: Fly out, F4 (Line Drive, 4, EV 66.3 MPH)
Top of the 6th over - 1 run, 1 hit, 0 errors, 1 left on base; Philadelphia (APP) 2 - Ogden 2
BOTTOM OF THE 6TH
Ogden Raptors batting - Pitching for Philadelphia (APP) Phillies : LHP Jesus Barajas
Batting: RHB Bobby Mendieta 0-0: Called Strike
0-1: Ball
1-1: Ball
2-1: Ball
3-1: Swinging Strike
3-2: Base on Balls
Batting: RHB Stephano Pianta 0-0: SINGLE (Groundball, 56D, EV 100.6 MPH)
Bobby Mendieta to second
Batting: RHB Greg Snow 0-0: Called Strike
0-1: Ball
1-1: Ball
2-1: Ball
3-1: Fly out, F9 (Flyball, 9LS, EV 93.1 MPH)
Batting: LHB William Cano 0-0: Ball
1-0: Fielders Choice at 2nd, 3-6 (Groundball, 3, EV 79.4 MPH)
Bobby Mendieta to third
Batting: RHB Mario Diaz 0-0: SINGLE (Line Drive, 6MD, EV 97.5 MPH)
Bobby Mendieta scores
William Cano to second
Pinch Hitting: RHB Ken Roupp 0-0: Swinging Strike
0-1: Fly out, F3 (Popup, 3S, EV 77.5 MPH)
Bottom of the 6th over - 1 run, 2 hits, 0 errors, 2 left on base; Philadelphia (APP) 2 - Ogden 3
TOP OF THE 7TH
Philadelphia (APP) Phillies batting - Pitching for Ogden Raptors : LHP Justin Harris
Pitching: LHP Pedro Castro
Batting: RHB Jose Andrade 0-0: Called Strike
0-1: Ball
1-1: Called Strike
1-2: Ball
2-2: Foul Ball, location: 2F
2-2: Ball
3-2: Base on Balls
Pinch Hitting: RHB Robert Anderson 0-0: Ball
1-0: Bunt missed!
1-1: Ball
2-1: Bunt missed!
2-2: Strikes out looking
Batting: LHB Charlie Cook 0-0: Ball
Passed Ball!
Jose Andrade to second
1-0: Swinging Strike
1-1: Called Strike
1-2: Ball
2-2: Ball
3-2: Strikes out swinging
Batting: RHB Kiyoshi Okazaki 0-0: Foul Ball, location: 2F
0-1: Fly out, F8 (Flyball, 8LD, EV 99.4 MPH)
Top of the 7th over - 0 runs, 0 hits, 0 errors, 1 left on base; Philadelphia (APP) 2 - Ogden 3
BOTTOM OF THE 7TH
Ogden Raptors batting - Pitching for Philadelphia (APP) Phillies : LHP Jesus Barajas
Pitching: LHP Jonah Huot
Batting: LHB Jimmy Sheppard 0-0: Called Strike
0-1: Foul Ball, location: 2F
0-2: Strikes out swinging
Batting: RHB Isaiah Yarbrough 0-0: Ball
1-0: SOLO HOME RUN (Flyball, 78XD, EV 91.9 MPH), Distance : 422 ft
Batting: SHB Ricardo Contrares 0-0: Swinging Strike
0-1: Ball
1-1: Ball
2-1: Ball
3-1: Called Strike
3-2: Strikes out looking
Batting: RHB Bobby Mendieta 0-0: Ball
1-0: Foul Ball, location: 2F
1-1: Ground out U3 (Groundball, 3L, EV 99.4 MPH)
Bottom of the 7th over - 1 run, 1 hit, 0 errors, 0 left on base; Philadelphia (APP) 2 - Ogden 4
TOP OF THE 8TH
Philadelphia (APP) Phillies batting - Pitching for Ogden Raptors : LHP Pedro Castro
Pitching: RHP Jalen Merriweather
Batting: LHB Joel Urquiza 0-0: Ball
1-0: Called Strike
1-1: Called Strike
1-2: Fly out, F5 (Popup, 5S, EV 82.5 MPH)
Batting: RHB John Gray 0-0: Ball
1-0: Ball
2-0: Called Strike
2-1: Called Strike
2-2: TRIPLE (Flyball, 8RXD, EV 99.4 MPH)
Batting: RHB David Rivera 0-0: Called Strike
0-1: Swinging Strike
0-2: SINGLE (Groundball, 6MS, EV 76.3 MPH) (infield hit)
John Gray scores
Pitching: LHP Chris Bonfanti
Batting: RHB Harvey Harvey 0-0: Ball
Passed Ball!
David Rivera to second
1-0: Ball
Passed Ball!
David Rivera to third
2-0: Ball
3-0: Base on Balls
Batting: RHB Rafael Pena 0-0: Ball
1-0: Called Strike
1-1: Hit by Pitch
Harvey Harvey to second
Batting: RHB Jose Andrade 0-0: Ball
1-0: Foul Ball, location: 2F
1-1: Ball
Passed Ball!
David Rivera scores
Harvey Harvey to third
Rafael Pena to second
2-1: Foul Ball, location: 2F
2-2: Foul Ball, location: 2F
2-2: Strikes out swinging
Pinch Hitting: LHB Otte van Haarlem 0-0: Foul Ball, location: 2F
0-1: Ball
Passed Ball!
Harvey Harvey scores
Rafael Pena to third
1-1: Swinging Strike
1-2: Ball
2-2: Foul Ball, location: 2F
2-2: Ball
3-2: Fly out, F6 (Line Drive, 6, EV 76.3 MPH)
Top of the 8th over - 3 runs, 2 hits, 0 errors, 1 left on base; Philadelphia (APP) 5 - Ogden 4
BOTTOM OF THE 8TH
Ogden Raptors batting - Pitching for Philadelphia (APP) Phillies : LHP Jonah Huot
Pitching: RHP Armando Avila
Batting: RHB Stephano Pianta 0-0: Ball
1-0: Ground out 6-3 (Groundball, 56S, EV 90.0 MPH)
Batting: RHB Greg Snow 0-0: Ball
1-0: Fly out, F9 (Flyball, 9S, EV 93.1 MPH)
Batting: LHB William Cano 0-0: Foul Ball, location: 2F
0-1: Foul Ball, location: 2F
0-2: Ball
1-2: Ground out U3 (Groundball, 3S, EV 85.0 MPH)
Bottom of the 8th over - 0 runs, 0 hits, 0 errors, 0 left on base; Philadelphia (APP) 5 - Ogden 4
TOP OF THE 9TH
Philadelphia (APP) Phillies batting - Pitching for Ogden Raptors : LHP Chris Bonfanti
Pitching: RHP Marc Ruff
Batting: LHB Charlie Cook 0-0: Called Strike
0-1: Ground out 6-3 (Groundball, 6, EV 83.8 MPH)
Batting: RHB Kiyoshi Okazaki 0-0: Ball
1-0: Foul Ball, location: 2F
1-1: Foul Ball, location: 2F
1-2: Strikes out swinging
Batting: LHB Joel Urquiza 0-0: Ball
1-0: Ball
2-0: Foul Ball, location: 2F
2-1: Called Strike
2-2: Foul Ball, location: 2F
2-2: DOUBLE (Line Drive, 9LM, EV 100.6 MPH)
Batting: RHB John Gray 0-0: Ball
1-0: Ball
2-0: Ball
3-0: Base on Balls
Batting: RHB David Rivera 0-0: Ball
1-0: Ball
Passed Ball!
Joel Urquiza to third
John Gray to second
2-0: Ball
3-0: Called Strike
3-1: Base on Balls
Batting: RHB Harvey Harvey 0-0: Ball
1-0: Foul Ball, location: 2F
1-1: Called Strike
1-2: Foul Ball, location: 2F
1-2: Ball
Passed Ball!
Joel Urquiza scores
John Gray to third
David Rivera to second
2-2: Strikes out swinging
Top of the 9th over - 1 run, 1 hit, 0 errors, 2 left on base; Philadelphia (APP) 6 - Ogden 4
BOTTOM OF THE 9TH
Ogden Raptors batting - Pitching for Philadelphia (APP) Phillies : RHP Armando Avila
Pitching: RHP Ryan English
Batting: RHB Mario Diaz 0-0: Called Strike
0-1: Ball
1-1: Called Strike
1-2: Strikes out swinging
Pinch Hitting: RHB Omar Resendez 0-0: SINGLE (Groundball, 34D, EV 101.9 MPH)
Pinch Hitting: RHB Bob Reta 0-0: Ball
1-0: Called Strike
1-1: Ball
2-1: Ball
3-1: Base on Balls
Omar Resendez to second
Batting: RHB Isaiah Yarbrough 0-0: Ball
1-0: Ball
2-0: Foul Ball, location: 2F
2-1: Ground out 4-3 (Groundball, 4S, EV 75.6 MPH)
Omar Resendez to third
Bob Reta to second
Batting: SHB Ricardo Contrares 0-0: Ball
1-0: Called Strike
1-1: Ball
2-1: Ball
3-1: Base on Balls
Batting: RHB Bobby Mendieta 0-0: Ball
1-0: Ball
2-0: Ball
3-0: Base on Balls
Omar Resendez scores
Bob Reta to third
Ricardo Contrares to second
Batting: RHB Stephano Pianta 0-0: Called Strike
0-1: Ball
1-1: Ball
2-1: Swinging Strike
2-2: Strikes out swinging
Bottom of the 9th over - 1 run, 1 hit, 0 errors, 3 left on base; Philadelphia (APP) 6 - Ogden 5
Thursday, December 15th , 2022 - OOTP Baseball 23.9 Build 102